 Dungeon Crawl Stone Soup version 0.25-a0-731-g0472a16d6a (webtiles) character file.

Game seed: 12696182133988788187, levelgen mode: deterministic

36558 Conn the Thaumaturge (level 13, -10/85 HPs)
             Began as an Octopode Wizard on Apr 8, 2020.
             Was an Elder of Sif Muna.
             Mangled by a death yak (14 damage)
             ... while petrified by you
             ... on level 6 of the Lair of Beasts.
             The game lasted 01:49:52 (19564 turns).

Conn the Thaumaturge (Octopode Wizard)             Turns: 19564, Time: 01:49:53

Health: -10/85     AC:  3    Str: 10    XL:     13   Next: 91%
Magic:  4/28       EV:  2    Int: 33    God:    Sif Muna [****..]
Gold:   545        SH:  0    Dex: 12    Spells: 7/35 levels left

rFire    + . .     SeeInvis .   K - +5 dagger (venom)
rCold    + . .     Gourm    .   e - +2 buckler
rNeg     + + +     Faith    .   a - +2 hat
rPois    ∞         Spirit   .   U - amulet of regeneration
rElec    .         Reflect  .   d - ring of stealth
rCorr    .         Harm     .   o - ring of protection from cold
MR       +....                  x - +5 ring of intelligence
Stlth    +++++.....             u - +3 ring of intelligence
HPRegen  0.64/turn              z - ring of protection from fire
MPRegen  0.21/turn              b - ring of positive energy
                                H - ring of protection from magic
                                F - +5 ring of intelligence

@: petrified, very slightly contaminated, hasted
A: almost no armour, stealthy swim, amphibious, 8 rings, constrict 8, camouflage
1, gelatinous body 1
a: Channel Magic, Forget Spell, Divine Exegesis, Renounce Religion


You were on level 6 of the Lair of Beasts.
You worshipped Sif Muna.
Sif Muna was greatly pleased with you.
You were hungry.

You visited 3 branches of the dungeon, and saw 16 of its levels.
You also visited: Bailey.

You collected 965 gold pieces.
You spent 420 gold pieces at shops.

Inventory:

Hand Weapons
 r - a +2 short sword of venom
 E - a +3 great sword
 K - a +5 dagger of venom (weapon)
 L - a +2 great sword of draining
Missiles
 h - 3 atropa-tipped darts
 q - 11 throwing nets (quivered)
 t - 60 sling bullets
Armour
 a - a +2 hat (worn)
 e - a +2 buckler (worn)
Magical Staves
 f - an uncursed staff of cold
 V - an uncursed staff of death
Jewellery
 b - a ring of positive energy (on tentacle)
 d - a ring of stealth (left tentacle)
 i - an uncursed ring of flight
 o - a ring of protection from cold (right tentacle)
 u - a +3 ring of intelligence (on tentacle)
 x - a +5 ring of intelligence (on tentacle)
 z - a ring of protection from fire (on tentacle)
 F - a +5 ring of intelligence (on tentacle)
 H - a ring of protection from magic (on tentacle)
 U - an amulet of regeneration (around mantle)
Wands
 m - a wand of flame (43)
 s - a wand of random effects (12)
 y - a wand of paralysis (5)
 C - a wand of enslavement (13)
 I - a wand of polymorph (22)
 M - a wand of disintegration (20)
 T - a wand of acid (10)
Scrolls
 g - 14 scrolls of identify
 n - 5 scrolls of teleportation
 A - 2 scrolls of magic mapping
 P - 2 scrolls of remove curse
 R - a scroll of enchant weapon
 X - a scroll of summoning {unknown}
Potions
 j - 2 potions of curing
 k - 2 potions of magic
 p - 2 potions of flight
 B - a potion of stabbing
 D - 2 potions of resistance
 G - a potion of mutation {unknown}
 J - a potion of lignification
 N - a potion of berserk rage {unknown}
 O - a potion of cancellation {unknown}
 Q - a potion of ambrosia {unknown}
Miscellaneous
 v - a tin of tremorstones
 S - 2 boxes of beasts
Comestibles
 c - 20 rations
 W - 5 chunks of flesh


   Skills:
 * Level 6.7 Fighting
 + Level 6.9 Short Blades
 + Level 0.7 Throwing
 + Level 5.3 Dodging
 - Level 5.0 Stealth
 + Level 5.6 Shields
 + Level 0.4 Unarmed Combat
 * Level 11.6 Spellcasting
 * Level 9.8 Conjurations
 + Level 1.3 Hexes
 + Level 1.8 Summonings
 + Level 3.8 Translocations
 + Level 1.5 Transmutations
 + Level 2.1 Fire Magic
 + Level 5.3 Air Magic
 * Level 4.9 Earth Magic
 - Level 4.4 Poison Magic
 - Level 7.8 Invocations


You had 7 spell levels left.
You knew the following spells:

 Your Spells              Type           Power        Failure   Level  Hunger
a - Magic Dart            Conj           ####         1%          1    None
b - Blink                 Tloc           N/A          1%          2    None
c - Call Imp              Summ           ####....     1%          2    None
d - Conjure Flame         Conj/Fire      ######..     1%          3    None
e - Mephitic Cloud        Conj/Pois/Air  ######..     1%          3    None
f - Searing Ray           Conj           ######       1%          2    None
g - Ignite Poison         Fire/Tmut/Pois #####...     2%          3    None
h - Iskenderun's Mystic   Conj/Tloc      ######..     1%          4    None
i - Fulminant Prism       Conj/Hex       ######....   2%          4    None
j - Petrify               Tmut/Erth      #####...     6%          4    None

Your spell library contained the following spells:

 Spells                   Type           Power        Failure   Level  Hunger
 Apportation              Tloc           #####.       1%          1    None
 Foxfire                  Conj/Fire      ####         1%          1    None
 Summon Butterflies       Summ           ####....     1%          1    None
 Summon Small Mammal      Summ           ####         1%          1    None
 Dazzling Flash           Conj/Hex       ######       1%          3    None
 Lesser Beckoning         Tloc           #####.....   1%          3    None
 Sticky Flame             Conj/Fire      ######..     1%          4    None
 Slow                     Hex            ####....     2%          2    None
 Sublimation of Blood     Necr           ###.......   3%          2    None
 Tukima's Dance           Hex            ####....     4%          3    None
 Irradiate                Conj/Tmut      ######....   6%          5    #......
 Alistair's Intoxication  Tmut/Pois      #####...     21%         5    #......
 Eringya's Noxious Bog    Tmut/Pois      #####.....   73%         6    ####...
 Spellforged Servitor     Conj/Summ      ######....   88%         7    ######.
 Invisibility             Hex            ####....     91%         6    ####...


Dungeon Overview and Level Annotations

Branches:
Dungeon (9/15)             Temple (1/1) D:6            Lair (6/6) D:9
 Shoals (0/4) Lair:2       Spider (0/4) Lair:4       Bailey (visited)
  Slime: Lair:5-6       Orc: D:9-12

Altars:
Ashenzari
Cheibriados
Dithmenos
Elyvilon
Fedhas
Gozag
Hepliaklqana
Kikubaaqudgha
Makhleb
Nemelex Xobeh
Okawaru
Qazlal
Ru
Sif Muna
Trog
Uskayaw
Vehumet
Wu Jian
Xom
Yredelemnul
Zin
The Shining One
Jiyva

Shops:
D:5 :

Annotations:
Lair:6 1 runed translucent door


Innate Abilities, Weirdness & Mutations

You cannot wear most types of armour.
You are very stealthy in the water. (Stealth+)
You are amphibious.
You can wear up to eight rings at the same time.
You can use your tentacles to constrict eight enemies at once.
Your skin changes colour to match your surroundings (Stealth+).
Your rubbery body absorbs attacks. (AC +1, EV +1)


Message History

Sif Muna accepts your kill.
You feel less wooden.
Your +2 hat unmelds from your body.
The yak is engulfed in blazing flames.
You have turned to stone.
The yak is engulfed in blazing flames. x2
You kill the yak!
Sif Muna accepts your kill.
The death yak is no longer petrified.
The yak is engulfed in blazing flames. x3
The yak gores the yak!
The yak is killed!
Sif Muna accepts your kill. The death yak gores you!
* * * LOW HITPOINT WARNING * * *
The death yak gores you!
* * * LOW HITPOINT WARNING * * *
The death yak gores you!
* * * LOW HITPOINT WARNING * * *
The yak bellows!
The yak seems less confused.
The death yak gores you!!
You die...

.$ ##. #.. ... #.#
. #†# .. #.# ###.
#@# ##.. #Y# #
##..# ##Y#### .##
P..## #.†...## ..#
##..P# ##..#Y††#
#.###P..##
#.Y####.#
#........##
##..#####
P....###Y.####P...#
..P###
##..##.....##


You could see a death yak and 2 yaks.

Vanquished Creatures
  Harold (D:9)
  3 hydras
  3 catoblepae (Lair:6)
  11 death yaks
  Nergalle (Lair:1)
  2 fire crabs (Lair:1)
  Pikel (D:9)
  2 manticores (Lair:6)
  4 black mambas
  Psyche (D:9)
  5 spiny frogs
  A komodo dragon (Lair:2)
  A polar bear (Lair:4)
  A jumping spider (Lair:4)
  24 blink frogs
  13 dream sheep
  A wyvern (Lair:3)
  A redback (Lair:4)
  3 fire bats (Lair:1)
  A steam dragon (D:8)
  31 yaks
  A fire elemental (Lair:1)
  9 water moccasins
  7 porcupines
  3 ice beasts (D:8)
  A black bear (Lair:4)
  An orc warrior (D:6)
  3 sky beasts
  9 ogres
  7 centaurs
  3 wolves (Lair:5)
  5 crocodiles
  8 gnoll sergeants (Bailey)
  13 bullfrogs
  A wyvern zombie (D:6)
  3 scorpions
  6 killer bees (D:7)
  4 wights (D:7)
  2 electric eels
  2 vampire bats (D:2)
  2 crimson imps
  A bullfrog zombie (D:5)
  6 hounds
  2 bullfrog skeletons
  3 jellies
  4 orc priests
  7 gnoll shamans
  An iguana (D:4)
  9 orc wizards
  4 worker ants
  3 hell rats
  A killer bee zombie (D:6)
  2 hound skeletons
  22 gnolls
  4 river rats
  9 adders
  2 shadow imps
  2 oozes
  An adder zombie (D:7)
  2 adder skeletons (D:8)
  A worm (D:5)
  A dart slug (D:2)
  5 leopard geckos
  24 orcs
  2 bat skeletons (D:2)
  3 bat zombies (D:2)
  5 giant cockroaches
  10 goblins
  7 hobgoblins
  6 jackals
  7 quokkas
  A ball python (D:1)
  10 bats
  7 frilled lizards
  8 kobolds
  A leopard gecko skeleton (D:4)
  16 rats
  4 fungi
  2 plants
406 creatures vanquished.

Vanquished Creatures (collateral kills)
  A centaur (D:5)
  An ogre (D:4)
  A jelly (D:5)
  2 adders (D:2)
  A worm (D:2)
  An orc (D:5)
  3 jackals (D:1)
10 creatures vanquished.

Vanquished Creatures (others)
  A bullfrog (Lair:4)
  2 orcs (D:5)
  13 fulminant prisms
  14 fungi
  17 plants
47 creatures vanquished.

Grand Total: 463 creatures vanquished

Notes
Turn   | Place    | Note
-------+----------+-------------------------------------------
     0 | D:1      | Conn the Octopode Wizard began the quest for the Orb.
     0 | D:1      | Reached XP level 1. HP: 11/11 MP: 4/4
   278 | D:1      | Reached XP level 2. HP: 17/17 MP: 4/6
   290 | D:1      | Learned a level 2 spell: Blink
   293 | D:1      | Learned a level 2 spell: Call Imp
  1138 | D:2      | Reached XP level 3. HP: 21/21 MP: 0/8
  1609 | D:2      | Reached skill level 4 in Spellcasting
  1650 | D:2      | Reached XP level 4. HP: 23/27 MP: 1/10
  1724 | D:2      | Learned a level 3 spell: Conjure Flame
  1728 | D:2      | Learned a level 3 spell: Mephitic Cloud
  1763 | D:2      | Found an ancient bone altar of Kikubaaqudgha.
  1923 | D:2      | Reached XP level 5. HP: 31/32 MP: 6/11
  3317 | D:3      | Reached skill level 1 in Short Blades
  3317 | D:3      | Reached XP level 6. HP: 22/37 MP: 12/12
  3320 | D:3      | Reached skill level 1 in Fighting
  3654 | D:3      | Found a white marble altar of Elyvilon.
  3804 | D:4      | Reached skill level 5 in Stealth
  4169 | D:4      | Reached XP level 7. HP: 41/43 MP: 14/14
  4270 | D:4      | Found a hide-covered altar of Uskayaw.
  4599 | D:5      | Entered Level 5 of the Dungeon
  4602 | D:5      | Reached skill level 5 in Spellcasting
  4685 | D:5      | Reached skill level 1 in Shields
  4854 | D:5      | Found Wuzepaas's Book Shop.
  5117 | D:5      | Reached XP level 8. HP: 50/50 MP: 15/15
  5174 | D:5      | Found a basalt altar of Yredelemnul.
  5395 | D:6      | Found a staircase to the Ecumenical Temple.
  5404 | Temple   | Entered the Ecumenical Temple
  5477 | Temple   | Became a worshipper of Sif Muna the Loreminder
  5980 | D:6      | Reached skill level 1 in Air Magic
  6271 | D:6      | Reached * piety under Sif Muna
  6501 | D:6      | Reached skill level 1 in Poison Magic
  6719 | D:7      | Reached skill level 1 in Invocations
  6719 | D:7      | Reached XP level 9. HP: 56/56 MP: 1/17
  6875 | D:7      | Reached skill level 6 in Spellcasting
  6983 | D:7      | Reached skill level 1 in Fire Magic
  7005 | D:7      | Found a flagged portal.
  7014 | Bailey   | Entered a bailey
  7346 | Bailey   | Reached ** piety under Sif Muna
  7775 | D:7      | Found a bloodstained altar of Trog.
  8509 | D:7      | Reached skill level 5 in Conjurations
  8509 | D:7      | Reached XP level 10. HP: 63/63 MP: 14/20
  8512 | D:7      | Reached skill level 7 in Spellcasting
  9013 | D:8      | Reached *** piety under Sif Muna
  9364 | D:8      | Reached skill level 5 in Short Blades
  9594 | D:8      | Noticed a death yak
  9600 | D:8      | Killed a death yak
  9614 | D:8      | Reached skill level 5 in Fighting
  9614 | D:8      | Reached skill level 5 in Shields
 10235 | D:8      | Found a glowing golden altar of the Shining One.
 10382 | D:8      | Reached XP level 11. HP: 72/72 MP: 22/22
 10647 | D:5      | Bought a book of Conjurations for 420 gold pieces
 10650 | D:5      | Learned a level 2 spell: Searing Ray
 10654 | D:5      | Learned a level 3 spell: Dazzling Flash
 10659 | D:5      | Learned a level 4 spell: Iskenderun's Mystic Blast
 10664 | D:5      | Learned a level 4 spell: Fulminant Prism
 10816 | D:9      | Noticed a death yak
 10818 | D:9      | Noticed a death yak
 10830 | D:9      | Noticed a death yak
 11225 | D:9      | Killed a death yak
 11225 | D:9      | Reached skill level 8 in Spellcasting
 11419 | D:9      | Noticed Harold
 11424 | D:9      | Killed a death yak
 11435 | D:9      | Killed a death yak
 11452 | D:9      | Killed Harold
 12008 | D:9      | Reached skill level 1 in Hexes
 12021 | D:9      | Noticed Pikel
 12032 | D:9      | Killed Pikel
 12032 | D:9      | Reached skill level 5 in Invocations
 12101 | D:9      | Noticed Psyche
 12113 | D:9      | Killed Psyche
 12118 | D:9      | Found a staircase to the Lair.
 12473 | Lair:1   | Entered Level 1 of the Lair of Beasts
 12585 | Lair:1   | Noticed a seven-headed hydra
 12598 | Lair:1   | Noticed Nergalle
 12605 | Lair:1   | Killed a seven-headed hydra
 12605 | Lair:1   | Reached skill level 9 in Spellcasting
 12618 | Lair:1   | Killed Nergalle
 12618 | Lair:1   | Reached **** piety under Sif Muna
 12898 | Lair:1   | Reached XP level 12. HP: 41/78 MP: 20/25
 13246 | Lair:1   | Found a transporter.
 13418 | Lair:1   | Found a transporter.
 14863 | Lair:2   | Found a staircase to the Shoals.
 14931 | Lair:2   | Reached skill level 10 in Spellcasting
 14967 | Lair:2   | Learned a level 3 spell: Ignite Poison
 14972 | Lair:2   | Learned a level 4 spell: Petrify
 15266 | Lair:3   | Noticed a six-headed hydra
 15272 | Lair:3   | Reached skill level 1 in Earth Magic
 15295 | Lair:3   | Killed a six-headed hydra
 15488 | Lair:3   | Reached ***** piety under Sif Muna
 15512 | Lair:3   | Identified Sif Muna's Almanac of Supportive Attacks (Sif
                  | Muna gifted it to you on level 3 of the Lair of Beasts)
 15512 | Lair:3   | Received a gift from Sif Muna
 15962 | Lair:3   | Noticed a death yak
 15963 | Lair:3   | Noticed a death yak
 15964 | Lair:3   | Noticed a death yak
 15964 | Lair:3   | Noticed a death yak
 15966 | Lair:3   | Noticed a death yak
 15967 | Lair:3   | Noticed a death yak
 16150 | Lair:3   | Killed a death yak
 16567 | Lair:4   | Reached XP level 13. HP: 38/83 MP: 3/27
 16792 | Lair:4   | Found a hole to the Spider Nest.
 17283 | Lair:4   | Reached skill level 5 in Dodging
 17283 | Lair:4   | Reached skill level 5 in Air Magic
 17934 | Lair:5   | Reached skill level 11 in Spellcasting
 18805 | Lair:6   | Entered Level 6 of the Lair of Beasts
 19003 | Lair:6   | Reached skill level 1 in Transmutations
 19238 | Lair:6   | Found a runed translucent door.
 19238 | Lair:6   | Found a viscous altar of Jiyva.
 19241 | Lair:6   | Noticed an acid blob
 19563 | Lair:6   | HP: 3/85 [death yak (8)]
 19564 | Lair:6   | Mangled by a death yak

Levels and vault maps discovered:
D:1:      heliophobic_arrival_battle_scene, layout_loops_corners
D:2:      layout_basic, kennysheep_vampire_church, first_ration, chequers_jeans,
          minmay_cupped
D:3:      layout_loops_ring, lemuel_coloured_pillars_altar
D:4:      layout_basic, kennysheep_mini
D:5:      layout_gridville, kennysheep_mini_moat, serial_shops,
          nicolae_shop_competitors_out_of_business, corner_web_ring,
          kennysheep_decorative_pillar
D:6:      layout_loops_ring, minmay_temple_entry_wispy
D:7:      layout_basic, bloody_trog, enter_bailey_2,
          hangedman_decor_clover_reticule
D:8:      argonaut_augean_stables, layout_basic, tso_oasis_becter
D:9:      layout_small_grid, dpeg_lair_monsters, uniq_harold, uniq_psyche,
          uniq_pikel
Temple:   kb_temple_of_zot
Lair:1:   gammafunk_cloud_chamber, layout_chaotic_city, serial_bayou_pond_a,
          bh_autumn_forest_stairs, uniq_nergalle
Lair:2:   layout_roguey, minmay_shoals_entry_centaurs
Lair:3:   lemuel_ratsnest, layout_small_grid
Lair:4:   layout_gridlike, spider_nest_entry_a, grunt_megastairs_5
Lair:5:   layout_hall_layers, mumra_transporter_accident,
          chequers_serial_rivers_room_a
Lair:6:   evilmike_catoblepas_cave, layout_big_grid, slime_altar_2,
          gammafunk_ghost_split, nicolae_volcano_entry_s_turn,
          chequers_serial_rivers_marsh, infiniplex_staircase_pool_2

Skill      XL: |  1  2  3  4  5  6  7  8  9 10 11 12 13 |
---------------+----------------------------------------+-----
Stealth        | 3 4 5 |  5.0
Spellcasting   | 4 5 6 7 9 10 11 | 11.6
Short Blades   | 1 2 3 4 5 6 |  6.9
Fighting       | 1 2 3 5 6 |  6.7
Conjurations   | 2 3 5 6 7 9 |  9.8
Shields        | 2 3 4 5 |  5.6
Dodging        | 3 4 5 |  5.3
Air Magic      | 1 2 3 4 5 |  5.3
Poison Magic   | 1 2 4 |  4.4
Invocations    | 1 3 4 5 7 |  7.8
Fire Magic     | 1 2 |  2.1
Translocations | 2 3 |  3.8
Hexes          | 1 |  1.3
Earth Magic    | 2 4 |  4.9
Transmutations | 1 |  1.5
Throwing       | |  0.7
Unarmed Combat | |  0.4
Summonings     | |  1.8

Action                   |  1- 3 |  4- 6 |  7- 9 | 10-12 | 13-15 || total
-------------------------+-------+-------+-------+-------+-------++-------
Melee: Unarmed           |    18 |       |       |       |       ||    18
       Constrict         |     8 |    23 |    56 |    45 |    18 ||   150
       Dagger            |    12 |    46 |       |   195 |   118 ||   371
       Tentacles         |     2 |     6 |    46 |    75 |    27 ||   156
       Short sword       |       |    44 |   235 |   176 |       ||   455
       Punch             |       |       |     1 |       |       ||     1
Throw: Throwing net      |       |       |     1 |     1 |     1 ||     3
 Cast: Magic Dart        |    45 |    38 |    89 |   156 |    28 ||   356
       Call Imp          |     7 |     2 |     9 |       |     1 ||    19
       Blink             |       |     1 |     9 |    11 |     6 ||    27
       Mephitic Cloud    |       |     1 |    47 |    78 |    40 ||   166
       Conjure Flame     |       |       |     5 |     7 |       ||    12
       Searing Ray       |       |       |       |    10 |     7 ||    17
       Fulminant Prism   |       |       |       |     8 |     5 ||    13
       Dazzling Flash    |       |       |       |     3 |       ||     3
       Iskenderun's Myst |       |       |       |    27 |    15 ||    42
       Ignite Poison     |       |       |       |     2 |    11 ||    13
       Petrify           |       |       |       |       |     1 ||     1
Invok: Channel Magic     |       |       |       |     1 |     1 ||     2
Evoke: Wand              |       |       |       |     1 |       ||     1
  Use: Scroll            |       |     2 |     6 |     7 |     4 ||    19
       Potion            |       |       |     6 |     3 |     6 ||    15
 Stab: Sleeping          |     3 |    13 |    12 |    10 |     3 ||    41
       Distracted        |       |     1 |     1 |       |       ||     2
       Confused          |       |       |    10 |    24 |     8 ||    42
       Paralysed         |       |       |       |     2 |       ||     2
       Invisible         |       |       |       |     3 |       ||     3
       Petrified         |       |       |       |       |     5 ||     5
       Held in net/web   |       |       |       |       |     1 ||     1
  Eat: Chunk             |     1 |     9 |    14 |    18 |     6 ||    48
       Ration            |       |       |       |     2 |     1 ||     3
Armor: Skin              |     3 |    16 |    12 |    20 |    26 ||    77
Dodge: Dodged            |    28 |    82 |   104 |   133 |    65 ||   412
Block: Buckler           |       |       |    47 |    79 |    26 ||   152

Table legend:
 A = Non-vault XP
 B = Vault XP
 C = Vault XP percentage of total XP
 D = Non-vault monster count
 E = Vault monster count
 F = Vault count percentage of total count
                 A         B        C        D         E       F
            +---------+---------+-------+---------+---------+-------
      Total |   33760 |   18467 |  35.4 |     309 |     104 |  25.2
            +---------+---------+-------+---------+---------+-------
        D:1 |      51 |       0 |   0.0 |      37 |       0 |   0.0
        D:2 |      66 |     121 |  64.7 |      17 |      11 |  39.3
        D:3 |     117 |       0 |   0.0 |      14 |       0 |   0.0
        D:4 |     467 |       0 |   0.0 |      14 |       0 |   0.0
        D:5 |     697 |       0 |   0.0 |      23 |       0 |   0.0
        D:6 |     747 |       0 |   0.0 |      31 |       0 |   0.0
        D:7 |    1432 |       0 |   0.0 |      32 |       0 |   0.0
        D:8 |    1552 |    3015 |  66.0 |      25 |      12 |  32.4
        D:9 |     770 |    4840 |  86.3 |      13 |      10 |  43.5
     Lair:1 |    5159 |    3113 |  37.6 |      21 |       7 |  25.0
     Lair:2 |    2676 |     450 |  14.4 |      11 |       4 |  26.7
     Lair:3 |    4147 |     103 |   2.4 |      15 |      13 |  46.4
     Lair:4 |    7191 |     875 |  10.8 |      23 |       6 |  20.7
     Lair:5 |    4548 |       0 |   0.0 |      17 |       0 |   0.0
     Lair:6 |    4140 |    4791 |  53.6 |      16 |      11 |  40.7
     Bailey |       0 |    1159 | 100.0 |       0 |      30 | 100.0
            +---------+---------+-------+---------+---------+-------
